[Event "EU-ch 12th"]
[Site "Aix les Bains"]
[Date "2011.03.31"]
[Round "9"]
[White "Philippe, Christophe"]
[Black "Swiercz, Dariusz"]
[Result "0-1"]
[ECO "D11"]
[WhiteElo "2409"]
[BlackElo "2557"]
[Annotator "Marchand,A/Primel,D"]
[PlyCount "118"]
[EventDate "2011.03.22"]
[EventType "swiss"]
[EventRounds "11"]
[EventCountry "FRA"]
[SourceTitle "CBM 142 Extra"]
[Source "ChessBase"]
[SourceDate "2011.06.27"]
[SourceVersion "1"]
[SourceVersionDate "2011.06.27"]
[SourceQuality "1"]
[TimeControl "40/5400+30:1800+30"]

1. d4 Nf6 2. Nf3 d5 3. e3 c6 4. c4 a6 5. Bd3 (5. Qc2 e6 6. Nc3 c5 $5 7. cxd5
exd5 8. Be2 Nc6 (8... cxd4 9. exd4 (9. Nxd4 Bd6 10. Nf5 O-O 11. Nxd6 Qxd6 12.
O-O Bg4 {Gustafsson,J (2646)-Handke,F (2494) Bundesliga 1011 2010 (3.6) 1/2} (
12... Nc6 $1 $132 )) 9... Nc6 10. O-O Bd6 11. Bg5 Be6
12. Qd2 h6 {Koneru,H (2593)-Stefanova,A (2551) EU-Cup (Women) 15th 2010 (7.1)
1/2})) 5... Bg4 6. Nbd2 Nbd7 7. Qc2 e6 8. b3 Bd6 9. Bb2 Qb8 10. O-O (10. h3 Bh5
11. O-O (11. g4)) 10... O-O {86} 11. h3 Bh5 12. Ng5 Bg6 13. Bxg6 hxg6 {87} 14.
f4 (14. e4 $5 {Semble plus logique pour profiter de la position du Ng5}) (14.
Rad1) 14... c5 $1 {70 Fin de la préparation des Noirs} 15. Ndf3 cxd4 16. Bxd4
Qc7 $146 {66} ({RR} 16... Rc8 17. Nxf7 Kxf7 18. Ng5+ Kg8 19. Qxg6 Re8 20. Nh7
Be7 21. cxd5 exd5 22. g4 Nf8 23. Nxf8 Rxf8 24. g5 Qe8 25. Qf5 Qd7 26. Qg6 Ne8
27. Rad1 Qf5 28. Qb6 Nd6 29. Be5 Rad8 30. Rxd5 Nf7 31. Qxb7 {Gemy Vargas,J 
(2301)-Candela Perez,J (2399)/Madrid 2011/0-1 (34)}) 17. Qf2 (17. Rac1 Ba3)
17... dxc4 {33} 18. Qh4 $6 {Prématuré} (18. Rac1 ) 18... Bc5 $1 19. Rac1 Bxd4 $1 20. exd4 b5 (20... c3 $36 ) 21. bxc4
bxc4 22. Ne5 c3 23. Kh2 Nb6 24. Ng4 Nbd5 25. Nxf6+ Nxf6 26. Rf3 c2 {[%csl Gc2]
Le coup douteux 18. Qh4 a laisse du temps aux Noirs pour prendre l'initiative
а l'aile-roi et même si le P"c2" risque de tomber rapidement, il sert de
diversion et les Noirs vont pouvoir terminer le développement.} 27. Rf2 Rac8
$17 28. Qg3 Qd6 29. Rfxc2 Rxc2 30. Rxc2 Qxd4 31. Qf2 Qa4 32. Rc7 Ne4 33. Qc2
Qxc2 34. Rxc2 Nxg5 35. fxg5 Rd8 36. Rc6 Rd5 $1 37. Rxa6 (37. h4
Ra5) 37... Rxg5 $15 {[%csl Ra6] La finale est un peu meilleure pour les Noirs
car la R Blanche est mal placée devant le P} 38. Ra8+ Kh7 39. a4 Rd5 40. h4 $2
g5 $1 $17 {[%cal Gh7g6] Les Noirs se débarassent d'une faiblesse tout en
donnant l'accès а la case "g6" pour le K} 41. hxg5 Rxg5 42. a5 Kg6 43. a6 Ra5
$1 44. a7 Ra3 45. Kg1 Kf6 $19 {
La position est techniquement gagnée pour les Noirs} 46. Kf2 g6 47. Ke2 Kf5 48.
Kd2 Kf4 $1 49. Kc2 e5 50. Kb2 Ra6 51. Kb3 e4 52. Kb4 e3 53. Kb5 Ra1 54. Kb6 Kg3
55. Re8 Kf2 56. Re4 e2 57. Rf4+ Kxg2 58. Re4 Kf2 59. Rf4+ Ke3 0-1

[Event "EU-ch 12th"]
[Site "Aix les Bains"]
[Date "2011.03.26"]
[Round "5"]
[White "Bartel, Mateusz"]
[Black "Rogozenco, Dorian"]
[Result "1/2-1/2"]
[ECO "D11"]
[WhiteElo "2638"]
[BlackElo "2553"]
[Annotator "Marchand,A/Primel,D"]
[PlyCount "201"]
[EventDate "2011.03.22"]
[EventType "swiss"]
[EventRounds "11"]
[EventCountry "FRA"]
[SourceTitle "CBM 142 Extra"]
[Source "ChessBase"]
[SourceDate "2011.06.27"]
[SourceVersion "1"]
[SourceVersionDate "2011.06.27"]
[SourceQuality "1"]
[TimeControl "40/5400+30:1800+30"]

1. d4 d5 2. c4 c6 3. Nf3 Nf6 4. Nbd2 {Une suite solide mais pas trés ambitieuse
} Bf5 5. Nh4 Bg6 6. Qb3 $1 Qc7 (6... Qb6 $2 {Le piège de la variante} 7. Qh3 $1 Nbd7 8. Nxg6 $16) 7. Nxg6 (7. Qh3 Bh5
$5) 7... hxg6 8. g3 e6 9. Bg2 $14 {[%csl Gc1,Gg2] Avec la paire de B et le
centre, les Blancs gardent un léger avantage d'ouverture} Be7 ({RR} 9... Nbd7
10. O-O Rd8 11. e4 dxe4 12. Nxe4 Nxe4 13. Bxe4 Nf6 14. Bg2 Rxd4 15. Be3 Bc5 16.
Bxd4 Bxd4 17. Rad1 Bc5 18. Qa4 a5 19. a3 O-O 20. b4 axb4 21. axb4 Be7 22. Rb1
Nd7 23. b5 Nb6 24. Qc2 {Stella,A (2346)-D'Amore,C (2489)/Sarre 2009/CBM 133
Extra/1/2-1/2 (49)}) 10. O-O O-O (10... Nbd7 {Cua,S (2143)-Johansson,V (2179)
WMSG Rapid Team 1st (Women) 2008 (7) 1-0}) 11. Qc2 (11. e4 $5 $14) 11... Rd8
12. cxd5 $1 exd5 13. Nb3 (13. e4 $5 {Tentant pour essayer de profiter de
l'avance de développement.} dxe4 14. Nxe4 Rxd4 15. Bf4 Qa5 16. Rad1 Rxd1 17.
Nxf6+ Bxf6 18. Rxd1 $32 Qxa2 19. Bd5 $1 {[%cal Gd5a2,Gc2g6]
Spectaculaire mais les Blancs n'ont probablement pas plus que la nulle} cxd5 (
19... Qa5 20. Bxf7+ $1 Kxf7 21. Qb3+) 20. Qc8+ Kh7 21. Qxb7 (21. Qh3+ Kg8 22.
Qc8+) 21... Nc6 22. Qxa8 Qb3 23. Re1 Nd4 24. Re8 Qd1+ 25. Kg2 Qf3+) 13... Nbd7
14. f3 Nf8 15. Be3 (15. e4 $6 dxe4 16. fxe4 Ne6 17. Qf2 Nxd4 18. Nxd4 Bc5)
15... Re8 16. Kh1 Bd6 17. Bf2 Qe7 $36 18. Rae1 Bb4 19. Nd2 Rad8
20. a3 Ba5 21. b4 Bb6 22. Nb3 Ne6 23. Qc3 Bc7 24. e4 dxe4 25. fxe4 Ng5 26. Nd2
Bb6 27. e5 Nd5 28. Qb2 Qd7 29. Nc4 Bc7 30. Bg1 a6 31. a4 Ne6 32. Rd1 Re7 33.
Qb3 Qe8 34. Na3 Red7 35. b5 axb5 36. axb5 Ne7 37. b6 Bb8 38. Nc4 Nf5 39. d5
cxd5 40. Na5 Ne7 41. Rfe1 Nc6 42. Nxc6 bxc6 43. Rc1 Rb7 44. Qa4 Rc8 45. Rc2 Qd7
46. Rd1 Bxe5 47. Bxd5 Nd8 48. Bf3 Qe7 49. Qa6 Rcb8 50. Kg2 Kh7 51. Re2 f6 52.
Rd4 Qf7 53. Rh4+ Kg8 54. Qd3 Ne6 55. Qa6 c5 56. Bxb7 Qxb7+ 57. Qxb7 Rxb7 58.
Rc4 Rxb6 59. Bxc5 Rc6 60. Rec2 Rxc5 61. Rxc5 Nxc5 62. Rxc5 Kh7 63. Kf3 Bb2 64.
Rb5 Bc3 65. Ke4 Ba1 66. g4 Bc3 67. Kd5 Ba1 68. Ke6 Bc3 69. Kf7 Kh6 70. g5+ fxg5
71. Rb3 Be1 72. Rb6 Bc3 73. Rxg6+ Kh5 74. Rc6 Be5 75. Rc2 Kg4 76. Rg2+ Kh3 77.
Rxg5 {La saisie de la FFE s'arrête içi mais en fait, la partie a continué
jusqu'au 101ème coup} Bxh2 78. Kg6 Bf4 79. Ra5 Kg4 80. Kxg7 Kf3 81. Kf6 Kg2 82.
Kf5 Bc7 83. Ra2+ Kf3 84. Ra3+ Kg2 85. Kg4 $1 {[%csl Rg2,Gg4] La finale reste
difficile а gagner mais le K noir est assez mal placé près du bord et les
Noirs ne peuvent plus jouer Bg3} Bd6 86. Ra2+ Kg1 {Les Blancs ont progressé en
contraignant le K noir а descendre en première rangée} 87. Kf3 $1 Bc7 88. Rg2+ $1 {Limite davantage la mobilité du K noir qui ne peut
venir en f1} Kh1 89. Rg7 {Après avoir bloqué, le K noir а la bande, il faut
maintenant passer а la seconde phase du plan de gain en essayant de mettre le
B en zugzwang.} Bd6 90. Kf2 Bc5+ 91. Kg3 Bd6+ 92. Kh3 (92. Kf3) 92... Bc5 93.
Rc7 Bd4 94. Rc2 Ba7 95. Rh2+ Kg1 96. Ra2 Bc5 97. Rc2 Ba7 98. Rg2+ Kh1 (98...
Kf1 99. Kg3) 99. Ra2 Bc5 100. Ra1+ Bg1 101. Kg3 1/2-1/2

[Event "Metz op 31th"]
[Site "Metz"]
[Date "2013.04.23"]
[Round "6"]
[White "Nisipeanu, Liviu Dieter"]
[Black "Gharamian, Tigran"]
[Result "1/2-1/2"]
[ECO "D11"]
[WhiteElo "2677"]
[BlackElo "2663"]
[Annotator "Metz Alekhine/Primel,D"]
[PlyCount "46"]
[EventDate "2013.04.20"]
[EventType "swiss"]
[EventRounds "9"]
[EventCountry "FRA"]
[SourceTitle "EXT 2016"]
[Source "ChessBase"]
[SourceDate "2015.10.08"]
[SourceVersion "1"]
[SourceVersionDate "2015.10.08"]
[SourceQuality "1"]
[TimeControl "40/5400:1800+30"]
[WhiteClock "1:30:00"]
[BlackClock "1:30:00"]

1. d4 d5 2. c4 c6 3. Nf3 Nf6 4. e3 Bg4 (4... Bf5) 5. h3 Bxf3 6. Qxf3 e6 7. Bd3
Bd6 {88} (7... Bb4+) 8. Nc3 Nbd7 9. cxd5 $1 cxd5 {84} (9... exd5 {
Plus naturel après avoir joué Nbd7} 10. g4 $5 (10. Bd2)) 10. O-O O-O {
56  Joué après une longue réflexion alors que la position est pourtant
toujours théorique} (10... Rc8 11. e4 dxe4 12. Nxe4 Nxe4 13. Qxe4 Rc7 14. Qg4
Kf8 15. Bd2 $14 {[%csl Gd2,Gd3,Rf8] ;Caruana,F (2662)-Sulskis,S (2568) EU-chT 
(Men) 17th 2009 (6) 1/2-1/2}) 11. e4 (11. Bd2 Rc8 12. Rac1 Bb4 {Kuzubov,Y 
(2578)-Zhang,P (2643) ESP-chT Honor Gp1 2008 (4) 1/2-1/2}) 11... e5 $5 $146 {
[%eval 0,0] 54  Le fruit de la longue réflexion du coup précédent du
français et il n'agit probablement pas d'une préparation maison mais c'est
un peu risqué d'ouvrir le centre face à la paire de B} (11... dxe4 {La
grande ligne} 12. Nxe4 Nxe4 13. Qxe4 Nf6 14. Qxb7 Bc7 15. Rd1 {Aronian,L (2754)
-Fressinet,L (2664) FRA-ARM m Paris rapid 2009 (4) 1-0}) 12. Nxd5 Nxd5 13. exd5
exd4 14. Qe4 Nf6 15. Qxd4 Re8 16. Rd1 (16. Bg5 Be5 17. Qh4 h6 18. Bxh6 $5 gxh6 19. Qxh6 Qxd5 20. Qg5+
Kf8 21. Qh6+ Ke7 22. Rfe1 Rad8 23. f4 $36) 16... Re5 17. Qc4 Qb6 (17... Nxd5
18. f4 Qb6+ 19. Kh1 Ne3 $13) 18. Bf4 Rxd5 $1 {Provoque des simplifications qui
vont conduire à une nulle rapide} 19. Bxh7+ $5 {Gagne un P mais les Noirs
sont OK} Kxh7 20. Rxd5 Nxd5 21. Qxd5 Bxf4 22. Qf5+ Kg8 23. Qxf4 Qxb2 1/2-1/2

[Event "Sautron op 16th"]
[Site "Sautron"]
[Date "2016.10.22"]
[Round "7.3"]
[White "Malakhatko, Vadim"]
[Black "Colin, Vincent"]
[Result "1-0"]
[ECO "D11"]
[WhiteElo "2514"]
[BlackElo "2389"]
[Annotator "Primel,D"]
[PlyCount "125"]
[EventDate "2016.10.22"]
[EventType "swiss"]
[EventRounds "9"]
[EventCountry "FRA"]
[SourceTitle "EXT 2019"]
[Source "ChessBase"]
[SourceDate "2018.10.10"]
[SourceVersion "1"]
[SourceVersionDate "2018.10.10"]
[SourceQuality "1"]
[TimeControl "40/5400+30:1800+30"]
[WhiteClock "0:04:06"]
[BlackClock "0:16:25"]

1. d4 d5 2. c4 c6 3. Nf3 Nf6 4. Qb3 (
4. Qc2) 4... e6 (4... dxc4 {L'alternative} 5. Qxc4 Bf5 (5...
Bg4) 6. g3 (6. Nc3)) 5. Bg5 (5. g3 {Transpose sur une Catalane
}) 5... h6 $5 6. Bh4 (6. Bxf6 Qxf6 7. Nc3 a5
8. e4 $32) 6... Qa5+ (6... dxc4 7. Qxc4 b5 8. Qc2 Bb7 9. Nbd2
Nbd7 10. e3 Rc8 11. a4 b4 12. Nb3 c5 13. dxc5 Bxc5 14. Nxc5 Nxc5 15. Bb5+ Ke7
16. O-O a6 17. Be2 Qa5 18. Nd2 Nce4 19. Nc4 Qc5 20. f3 Nd6 21. Rac1 Nxc4 22.
Bf2 Qg5 23. h4 Nxe3 24. Qc7+ Rxc7 25. Rxc7+ Kd6 26. hxg5 Kxc7 27. Rc1+ Kd7 28.
gxf6 Nd5 29. fxg7 Rg8 30. Bd4 f6 31. Kf2 Rxg7 32. Rd1 e5 33. Be3 Ke6 34. Bxh6
Rc7 35. Rc1 Rxc1 36. Bxc1 {Jumabayev,R (2606)-Ragger,M (2698) Berlin 2015 1-0 
(76)}) (6... a5 $5 7. a3 a4 8. Qc2 Qa5+ 9. Nbd2 dxc4 10. Qxc4 g5 11. Bg3 Ne4 12. Be5 f6 $13 {Semcesen,D (2402)-Hillarp Persson,T (2543)
Rilton Cup 38th 2008 (2) 0-1}) 7. Nc3 Ne4 8.
e3 Nd7 (8... Bb4 $5 {Plus actif} 9. Rc1 Nd7
10. a3 Bxc3+ 11. bxc3 g5 (11... O-O 12. Bd3 $14 ) 12. Bg3 h5 13.
Nd2 $14 {Colom Casasayas,O-Bordell Rosell,R (2260) St Cugat op 1994 (6) 1-0})
9. cxd5 $1 {[%emt 0:04:42] Les Noirs n'ont plus l'option cd5 suivi de Nc6} exd5 10. Bd3 Nxc3 $146 (10... g5
11. Bg3 h5 12. Bxe4 dxe4 13. Ne5 Nxe5 14. Bxe5 Rh6 15. h4 g4 16. O-O Qd8 17. g3
f5 18. Rfd1 Qb6 19. Qc2 Bd7 20. a3 O-O-O 21. b4 Qa6 22. Qb2 Bd6 23. Bxd6 Rxd6
24. Ne2 Qc4 25. Rac1 Qf7 26. Rc5 Kb8 27. Rdc1 Qf6 28. Nf4 Be8 29. Re5 b6 30. a4
Bf7 31. a5 R6d7 32. Ra1 Rc7 33. axb6 axb6 34. Qa3 Rb7 35. b5 c5 36. Qa8+ Kc7
37. Qa6 Rd6 38. dxc5 Qxe5 39. cxd6+ Qxd6 40. Rc1+ {Goreacinic,D (2301)
-Stefanova,A (2481) Differdange 2007 1-0}) 11. bxc3 Bd6 12. O-O O-O (12... Nf8 $5 ) 13. a4 Nb6 14. Bg3 $5 {
[%emt 0:05:05][%csl Rc8] Après l'échange, les Noirs garderont un mauvais B} (
14. Nd2 Be6) 14... Bxg3 15. hxg3 Re8 16. Rfb1 $1 {[%emt 0:15:41][%csl Ra5,Rb6,Rb7] les
pièces Noires sont assez mal placées} Nd7 17. Nd2 (17. Qb4 $5 Qxb4 18. cxb4 ) 17... Nf6 18. Qa3 $5 (18. Qc2 )
18... Qc7 19. c4 Be6 20. a5
$16 {[%emt 0:01:24][%csl Rb7] Les Noirs vont souffrir à défendre la
faiblesse "b7"} Rad8 {[%emt 0:02:45] Liant les R avant de ramener le B en
défense mais les Noirs manquent de contre-jeu} 21. Qc5 a6 22. Rb2 Bc8 23. Nf3 Ng4 24. Qb6 Qxb6 {[%emt 0:05:54] Malgré l'échange des Q, les Noirs n'ont toujours pas
égalisé} 25. Rxb6 dxc4 $1 26. Bxc4 Kf8 27. Rb2 Re7 (27... Nf6 ) 28. Nd2 Nf6 29. Nb3 $1 $36 Ne8 $1 30. Nc5 Nd6 31. Be2 f5 $1 {[%emt 0:01:30][%csl Ge4] Un coup affaiblissant mais il
faut éviter la poussée centrale e4e5 pour stabiliser le Nd6} 32. Nd3 g6 33. Rc1 {[%emt 0:00:26][%cal
Gc1c5,Gc5e5] Joué à tempo mais ce coup de R est un peu mystérieux} Kg7 34. Ne5 h5 35. f3 Nf7 $1 {[%emt 0:00:40] Tentant d'éliminer la meilleure pièce des
Blancs} 36. Nxf7 Kxf7 37. Kf2 Kg7 (37... Rde8 38. Rc3) 38. Bd3 Rd5 39. Ra1 Rd8 {[%emt 0:01:00] Un coup d'attente
pour passer le contrôle de temps} 40. Rc2 Be6 41. Rb1 Bc8 42. Rc5 Be6 (42... Rde8 43. Re1) 43. Re5 $1 Rdd7 (43... Kf6) 44. Ke2 Bd5 $5 {[%emt 0:04:27]
Les Noirs continuent de souffrir mais la pression Blanche s'affaiblit un peu.
Le risque des échanges est néanmoins de pouvoir laisser le K Blanc
pénétrer à l'aile-dame via les cases Noires} 45. Rxe7+ Rxe7 46. Kd2 Kf6 47. Re1 Kg5 48. e4 (48.
Kc3 h4 49. gxh4+ Kxh4 ) 48... fxe4 49. fxe4 Bf7 50. Kc3 Rd7 51. Re3 {[%emt 0:00:57][%csl Ge4,Rg3] La finale est moins
claire} Kf6 52. Bc4 $1 Bxc4 53. Kxc4 $16 Ke6 54. Rf3 $1 Ke7 55. Kc5 $40 {[%emt 0:00:22]
La différence d'activité donne des trés bonnes chances de gain pour le GMI}
Rd8 56. Rb3 Rd7 57. d5 $1 cxd5 58. exd5 Kf6 59. d6 $1 $18 Ke5 60. Re3+ Kf6 61. Kd5 {
[%emt 0:00:12] Les Noirs sont en zugzwang} Kf7 62. Rc3 Kf6 63. Rf3+ 1-0

[Event "Sautron op 15th"]
[Site "Sautron"]
[Date "2015.10.24"]
[Round "6.4"]
[White "Ibrahim, Hatim"]
[Black "Koziak, Vitali"]
[Result "1/2-1/2"]
[ECO "D11"]
[WhiteElo "2311"]
[BlackElo "2472"]
[Annotator "RR"]
[PlyCount "79"]
[EventDate "2015.10.24"]
[EventType "swiss"]
[EventRounds "9"]
[EventCountry "FRA"]
[SourceTitle "CBM 169 Extra"]
[Source "ChessBase"]
[SourceDate "2015.12.18"]
[SourceVersion "1"]
[SourceVersionDate "2015.12.18"]
[SourceQuality "1"]
[TimeControl "40/5400+30:1800+30"]
[WhiteClock "0:33:46"]
[BlackClock "0:00:58"]

1. d4 d5 2. c4 c6 3. Nf3 Nf6 4. e3 Bg4 5. Qb3 (5. Nc3) (5. h3) 5... Qb6 6. Nc3 e6 7. Nh4 {[%emt 0:03:36] La
ligne critique} Be7 (7... Bh5 {Plus courant mais c'est
probablement une simple transposition} 8. h3) 8. h3 Bh5 9. g4 (9. Bd2 $5 Nfd7 10. g4 Bxh4 11. gxh5 Be7
{Perez Ponsa,F (2497)-Peralta,F (2609) ARG-ch 88th Resistance/Saenz Pena 2013 
(6) 1/2}) 9... Nfd7 {[%emt 0:07:57][%cal Re7h4] Après réflexion, les Noirs
choisissent cette ligne secondaire au lieu de Bg6} (9... Bg6 10. Nxg6 hxg6 11.
Bg2 g5 12. O-O Nbd7 13. Rd1 Nf8 14. Qc2 Ng6 15. cxd5 exd5 16. e4 Nxe4 17. Nxe4
dxe4 18. Be3 Qc7 19. d5 Nf4 20. dxc6 Qxc6 21. Qxc6+ bxc6 22. Bxe4 Rh6 23. Kf1
a5 24. Rac1 Ra6 25. h4 Re6 26. Bf5 Rh6 27. Bc8 Ra8 28. Bb7 Rb8 29. Bxc6+ Kf8
30. h5 Rxb2 31. Bb5 Rxb5 32. Rc8+ Bd8 33. a4 Re5 34. Rdxd8+ Ke7 35. Re8+ {
1-0 (35) Wang,H (2712)-Balogh,C (2657) Mamaia 2015}) 10. Nf5 (
10. cxd5 cxd5 11. Nf5 $14 {Hoang,T (2470)-Ovod,E (2384) Wch World Cup (Women)
2012 (1.2) 1-0}) 10... exf5 11. gxh5 dxc4 12. Bxc4 $146 (12. Qc2 g6 13. Bxc4 Nf6 14. h6
Nbd7 15. Bd2 Bf8 16. O-O-O Bxh6 17. h4 O-O-O 18. Bxf7 Rhf8 19. Bb3 Qc7 20. Na4
Ng4 21. Rdf1 Nh2 22. Rd1 Ng4 23. Rdf1 Nh2 24. Rd1 Ng4 {1/2-1/2 (24) Bedouin,X 
(2402)-Uwira,O (2248) Pula 2012}) 12... Qxb3 13. axb3 $5 (13. Bxb3 {Plus naturel mais les Blancs espèrent que la paire
de B sera très active avec une position ouverte mais la structure Blanche est
trés affaiblie sur les deux ailes}) 13... Nf6 14. Be2 (14. h6 $5 g6 (14... gxh6 15. Bd3
) 15. f3 Nbd7 16. e4 $14) 14... Nbd7 15. Bd2 a6 16. Bf3 Nb6 17. Ne2 Nbd5 18. Ng3 (18. Nf4 ) 18... g6 19. O-O-O $32 O-O-O 20. Rdg1 Bd6 21.
h4 Rde8 $11 22. hxg6 hxg6 23. Ne2 (23. h5 $5 {Il est peut-être plus
précis de le jouer rapidement pour ne pas laisser l'occasion aux Noirs de
doubler les R sur la colonne "h"}) 23... Rh7 $1 24. h5 gxh5 (24... Nxh5 ) 25. Rg5 $36 Ne7 26. Ng3 Bxg3 27. Rxg3 Ne4 28. Rgh3 Reh8 29. Rxh5 (29. Be1 h4 30.
Be2 ) 29... Rxh5 30. Rxh5 Rxh5 31. Bxh5 Nxf2 32. Bxf7 Kd7 33. Kc2 Nd5 34. Bh5 Ke6 35. Bf3 Nf6 36. Be1 N2g4 (36... N2e4)
37. Kd3 Nd5 38. e4 fxe4+ 39. Kxe4 Ngf6+ 40. Kd3 1/2-1/2

[Event "Sautron op 14th"]
[Site "Sautron"]
[Date "2014.11.01"]
[Round "9"]
[White "Dumitrache, Dragos Nicolae"]
[Black "Koziak, Vitali"]
[Result "1/2-1/2"]
[ECO "D11"]
[WhiteElo "2413"]
[BlackElo "2454"]
[Annotator "RR"]
[PlyCount "91"]
[EventDate "2014.10.26"]
[EventType "swiss"]
[EventRounds "9"]
[EventCountry "FRA"]
[SourceTitle "EXT 2015"]
[Source "ChessBase"]
[SourceDate "2014.11.20"]
[SourceVersion "1"]
[SourceVersionDate "2014.11.20"]
[SourceQuality "1"]
[TimeControl "40/5400+30:1800+30"]

1. Nf3 d5 2. c4 c6 3. d4 Nf6 4. e3 Bg4 5. Nbd2 Nbd7 (5... e6 6. Qb3 Qc7 7. h3
Bh5 8. g4 Bg6 9. Ne5 Nbd7 10. Nxg6 hxg6 11. g5 Ne4 12. Nxe4 dxe4 13. Bd2 Be7
14. Rg1 Rh5 15. Qc2 Rxg5 16. Rxg5 Bxg5 17. Qxe4 O-O-O 18. O-O-O Bf6 19. f4 g5
20. f5 e5 21. c5 Rh8 22. Kb1 Rh4 23. Qc2 exd4 24. Be1 d3 25. Rxd3 Rh8 26. e4 a6
27. Bg3 Ne5 28. Rd6 Rd8 29. Qd1 Rxd6 30. cxd6 Qb6 31. Qe2 Qd4 32. Bxe5 Bxe5 33.
d7+ Kd8 34. a3 b5 35. Ka2 {Bologan,V (2661)-Vitiugov,N (2742) Dubai 2014 0-1})
6. Qc2 e6 7. Bd3 Bd6 8. b3 e5 (8... a6) 9. dxe5 Nxe5 10. Be2 $146 (10. Nxe5
Bxe5 11. Bb2 Bxb2 12. Qxb2 O-O 13. Be2 Bxe2 14. Kxe2 Qd7 15. h3 Rfe8 16. cxd5
Nxd5 17. Rhd1 Rad8 18. Kf1 c5 19. Qc2 Rxe3 20. Qxc5 Rd3 21. Nc4 b6 22. Qa3 Nf4
23. Rxd3 Qxd3+ 24. Kg1 Qg6 25. g3 Nxh3+ 26. Kf1 Qd3+ 27. Kg2 Nxf2 28. Rf1 Ne4
29. Qe7 Qxg3+ 30. Kh1 Nf2+ {0-1 (30) Denger,P (2088)-Pert,N (2565) Bunratty
2015}) 10... Nxf3+ 11. Bxf3 Be5 12. Bb2 Bxb2 13. Qxb2 Bxf3 14. Qe5+ Qe7 15.
Nxf3 Qxe5 (15... dxc4 16. bxc4 Qxe5 17. Nxe5 O-O $11) 16. Nxe5 O-O 17. cxd5
Nxd5 18. O-O-O Rfe8 19. Nc4 Rad8 $11 20. a3 f5 21. Rd3 Re6 22. Kb2 (22. Rhd1)
22... f4 23. g3 fxe3 24. Nxe3 Rf8 25. Nxd5 Rxf2+ 26. Kc3 cxd5 27. Rxd5 Re3+ 28.
Rd3 Rxd3+ 29. Kxd3 h5 (29... Kf7) 30. a4 Kh7 31. a5 Kh6 32. b4 a6 33. Kd4 g6
34. h4 Rf3 35. Rg1 g5 36. Re1 gxh4 37. gxh4 Rf6 38. Re7 Rg6 39. Rxb7 Rg4+ 40.
Kc5 Rxh4 41. Rb6+ Kg7 42. Rxa6 Rh1 43. Rd6 h4 44. Kb6 h3 45. Rd2 Rf1 46. a6
1/2-1/2